 Dungeon Crawl Stone Soup version 0.15-a0-1206-g3bad1a6 (webtiles) character file.

45 PolkaDot the Vexing (level 3, 0/24 HPs)
             Began as a Vampire Enchanter on June 1, 2014.
             Slain by an ice beast (2 damage)
             ... on Level 3 of the Dungeon.
             The game lasted 00:06:18 (2052 turns).

PolkaDot the Vexing (Vampire Enchanter)             Turns: 2052, Time: 00:06:20

HP   0/24        AC  4     Str  7      XL: 3   Next: 42%
MP   2/6         EV 17     Int 17      God:
Gold 89          SH  9     Dex 20      Spells:  3 memorised,  1 level left

rFire  . . .     SeeInvis +     a - +1 dagger
rCold  + + .     Clarity  .     l - +2 robe {MR+}
rNeg   + + +     rCorr    .     g - +0 buckler
rPois  +         rRot     +     (no helmet)
rElec  .         Spirit   .     (no cloak)
SustAb .         Warding  .     (no gloves)
rMut   .         Stasis   .     (no boots)
Gourm  .                        (no amulet)
MR     +....                    (no ring)
                                (no ring)

@: agile, regenerating slowly, somewhat resistant to hostile enchantments, quite
stealthy
A: fangs 3, see invisible, unbreathing
a: Bat Form


You were on level 3 of the Dungeon.
You were near bloodless.

You visited 1 branch of the dungeon, and saw 3 of its levels.

You collected 89 gold pieces.

Inventory:

Hand weapons
 a - a +1,+1 dagger (weapon)
Armour
 g - a +0 buckler (worn)
 l - a +2 robe of magic resistance (worn)
Scrolls
 b - a scroll of teleportation {unknown}
 e - 3 scrolls of remove curse {unknown}
 f - a scroll of identify {unknown}
 k - a scroll of recharging {unknown}
 n - a scroll of enchant armour {unknown}
 o - a scroll of blinking {unknown}
 q - a scroll of immolation {unknown}
Potions
 d - a potion of coagulated blood {@w2}
 i - a potion of curing {unknown}
 j - 2 potions of lignification {unknown}
 m - a potion of poison {unknown}
 p - 2 potions of restore abilities {unknown}
 r - a potion of brilliance {unknown}
Books
 c - a book of Maledictions

   Spells                             Type                      Level
   *Corona                            Hexes                        1
   *Sure Blade                        Hexes/Charms                 2
   *Ensorcelled Hibernation           Hexes/Ice                    2
   Confuse                            Hexes                        3
   Dazzling Spray                     Conjuration/Hexes            3
   Enslavement                        Hexes                        4


   Skills:
 - Level 2.0 Short Blades
 - Level 2.1 Dodging
 + Level 4.9 Stealth
 - Level 2.0 Spellcasting
 * Level 5.6 Hexes
 + Level 0.4 Ice Magic


You had one spell level left.
You knew the following spells:

 Your Spells              Type           Power        Failure   Level  Hunger
a - Corona                Hex            ###....      2%          1    #......
b - Sure Blade            Hex/Chrm       ##........   14%         2    ###....
d - Ensorcelled Hibernat  Hex/Ice        ##....       12%         2    ###....


Dungeon Overview and Level Annotations

Branches:
Dungeon (3/15)

Altars:
Sif Muna


Innate Abilities, Weirdness & Mutations

You heal slowly.
You have razor-sharp teeth.*
You have supernaturally acute eyesight.
You can survive without breathing.*


Message History

The ice beast freezes you. You resist.
* * * LOW HITPOINT WARNING * * *
You completely miss the ice beast.
The ice beast is almost dead.
You hit the ice beast but do no damage. Your bite misses the ice beast.
The ice beast is almost dead.
The ice beast hits you but does no damage.
You hit the ice beast but do no damage.
The ice beast is almost dead.
The ice beast completely misses you.
You hit the ice beast but do no damage.
The ice beast is almost dead.
You block the ice beast's attack.
You hit the ice beast but do no damage.
You bite the ice beast, but do no damage.
The ice beast is almost dead.
The ice beast hits you.
* * * LOW HITPOINT WARNING * * *
The ice beast freezes you. You resist.
You die...

. ... .... #..# .....
#..# ..$?.. #..# .......
#..# . ....... #..# ...
.......####..######....
.................%.......
..........Y@....<........
######..####..######..###
#.. #..# #.Y #..# #..
#..# #.. #..# ### ####


You could see an ice beast.

Vanquished Creatures
  2 adders (D:2)
  An ooze (D:2)
  A ball python (D:2)
  3 giant cockroaches (D:2)
  4 hobgoblins
  3 jackals (D:1)
  2 kobolds
  A quokka (D:2)
  2 bats
  4 giant newts
  2 goblins (D:2)
  A rat (D:2)
26 creatures vanquished.

Notes
Turn   | Place    | Note
--------------------------------------------------------------
     0 | D:1      | PolkaDot, the Vampire Enchanter, began the quest for the Orb.
     0 | D:1      | Reached XP level 1. HP: 13/13 MP: 3/3
   690 | D:1      | Reached XP level 2. HP: 19/19 MP: 4/4
   694 | D:1      | Learned a level 2 spell: Ensorcelled Hibernation
   697 | D:1      | Learned a level 2 spell: Sure Blade
   983 | D:2      | Reached skill level 5 in Hexes
  1231 | D:2      | Reached XP level 3. HP: 24/24 MP: 6/6
  1415 | D:2      | Found a deep blue altar of Sif Muna.
  2004 | D:3      | Noticed an ice beast
  2052 | D:3      | Slain by an ice beast

Action                   || total
-------------------------++-------
Melee: Dagger            ||   120
 Cast: Corona            ||     3
       Sure Blade        ||    10
  Use: Potion            ||     1
 Stab: Sleeping          ||     8
